 Dungeon Crawl Stone Soup version 0.28-a0-697-g47f3eba078 (webtiles) character file.

Game seed: 11423657003791983949

49 AlleluiaPinecone the Cudgeller (level 3, 0/37 HPs)
             Began as a Troll Berserker on Oct 23, 2021.
             Was a Follower of Trog.
             Succumbed to a scorpion's poison
             ... on level 3 of the Dungeon.
             The game lasted 00:03:05 (1749 turns).

AlleluiaPinecone the Cudgeller (Troll Berserker)    Turns: 1749, Time: 00:03:06

Health: 0/37       AC:  5    Str: 26    XL:     3   Next: 53%
Magic:  2/2        EV: 10    Int:  3    God:    Trog [*.....]
Gold:   164        SH:  0    Dex:  9    Spells: 2/2 levels left

rFire   . . .      SeeInvis .   a - +0 mace
rCold   . . .      Faith    .   (no shield)
rNeg    . . .      Spirit   .   b - +0 animal skin
rPois   +          Reflect  .   (helmet restricted)
rElec   .          Harm     .   q - +0 cloak
rCorr   .          Rampage  .   (gloves unavailable)
Will    .....                   (boots unavailable)
Stlth   +.........              (no amulet)
HPRegen 1.12/turn               f - ring of poison resistance
MPRegen 0.08/turn               (no ring)

@: lethally poisoned (0 -> -7), on berserk cooldown
A: large, unfitting armour, claws 3, regeneration 1, shaggy fur 1, tough skin 1
a: Renounce Religion, Berserk


You were on level 3 of the Dungeon.
You worshipped Trog.
Trog was aware of your devotion.
You visited 1 branch of the dungeon, and saw 3 of its levels.

You collected 164 gold pieces.

Inventory:

Hand Weapons
 a - a +0 mace (weapon)
Missiles
 i - 2 javelins (quivered)
 j - 74 stones
 l - 6 boomerangs
 o - 14 arrows
 r - 23 sling bullets
 s - 6 bolts
Armour
 b - a +0 animal skin (worn)
 q - a +0 cloak (worn)
Jewellery
 f - a ring of poison resistance (left claw)
Scrolls
 c - 2 scrolls of identify {unknown}
 e - a scroll of enchant weapon {unknown}
 n - a scroll of fog {unknown}
 p - a scroll of noise {unknown}
Potions
 d - a potion of flight {unknown}
 g - 2 potions of curing {unknown}
 h - a potion of attraction {unknown}
 k - a potion of cancellation {unknown}
 m - a potion of might {unknown}
 t - a potion of lignification {unknown}


   Skills:
 + Level 3.1 Fighting
 + Level 3.2 Maces & Flails
 + Level 2.6 Dodging


You had 2 spell levels left.
You didn't know any spells.
Your spell library was empty.

Dungeon Overview and Level Annotations

Branches:
Dungeon (3/15)

Altars:


Innate Abilities, Weirdness & Mutations

You are too large for most types of armour.
You have claws for hands.
Your natural rate of healing is unusually fast.
You are covered in fur. (AC +1)
You have tough skin. (AC +1)


Message History

The scorpion stings you but does no damage.
You barely miss the scorpion.
The scorpion is lightly wounded.
The scorpion stings you. x2
You are poisoned.
The scorpion poisons you!
You hit the scorpion.
The scorpion is moderately wounded.
You feel very sick. The scorpion closely misses you. The scorpion stings you.
You closely miss the scorpion.
The scorpion is lightly wounded.
You feel sick. The scorpion stings you.
The scorpion stings you but does no damage.
The scorpion closely misses you.
You barely miss the scorpion.
The scorpion is lightly wounded.
You feel sick.
The scorpion stings you but does no damage.
The scorpion completely misses you.
You thump the scorpion!
The scorpion is severely wounded.
You feel yourself speed up.
You feel sick.
You are no longer poisoned.
The scorpion closely misses you. The scorpion stings you.
You are poisoned.
The scorpion poisons you!
You feel very sick.
The scorpion stings you but does no damage.
You feel very sick.
You feel sick.
You feel sick.
You feel sick.
You feel sick.
You feel sick. The scorpion stings you!
* * * LOW HITPOINT WARNING * * *
You are lethally poisoned!
The scorpion poisons you!
You die...

#..##.#########.## #.# #...#
#..##.# #..######.# #...#
...##.# ##.##...#.# #####
###.##.# #######..#...#.#
##### #.##.# #........#...#.#
#.... #.##.. #.######.....#.#
#.... #.# #.....#.# #....
#.######.....#.# #....
#....@.#.....#.###.... ###.##
#####..s.#.......'.... ......
#........#..##.###)... ....#.
##.#........##.###.... ....#
# #.............#.... ......
#.....##..#.#.#.#+# ...###
#.....###.#.#.#.# ####
#######.....#.......#.#
#######...........#.......#.#


You could see a scorpion.

Vanquished Creatures
  2 adders
  A dart slug (D:3)
  4 endoplasms
  2 giant cockroaches (D:1)
  A goblin (D:2)
  2 hobgoblins (D:1)
  4 kobolds
  A quokka (D:2)
  3 ball pythons
  2 bats
  6 frilled lizards
  2 rats (D:3)
30 creatures vanquished.

Notes
Turn   | Place    | Note
-------+----------+-------------------------------------------
     0 | D:1      | AlleluiaPinecone the Troll Berserker began the quest for
                  | the Orb.
     0 | D:1      | Reached XP level 1. HP: 22/22 MP: 0/0
   490 | D:1      | Reached XP level 2. HP: 29/29 MP: 1/1
  1154 | D:2      | Reached XP level 3. HP: 36/37 MP: 2/2
  1645 | D:3      | Found a faded altar of an unknown god.
  1711 | D:3      | Noticed a scorpion
  1749 | D:3      | Succumbed to a scorpion's poison

Illustrated notes

Levels and vault maps discovered:
D:1:      ncdulo_smallfort, layout_loops_corners, minmay_tetromino_t2
D:2:      layout_rooms, kennysheep_cluttered_room, minmay_lizard_pond
D:3:      layout_basic, shapermc_ecumenical_altar_rom_forum

Skill      XL: |  1  2 |
---------------+-------+-----
Maces & Flails | 3 |  3.2
Fighting       | 3 |  3.1
Dodging        | |  2.6

Action                   || total
-------------------------++-------
Melee: Mace              ||   145
Invok: Berserk           ||     1
Armor: Animal skin       ||    50
Dodge: Dodged            ||   112

Table legend: (Time is in decaauts)
 A = Elapsed time spent in this place.
 B = Non-inter-level travel time spent in this place.
 C = Inter-level travel time spent in this place.
 D = Time resting spent in this place.
 E = Time spent auto-exploring this place.
 F = Levels seen in this place.
 G = Mean time per level.
                   A        B        C        D        E       F      G
               +--------+--------+--------+--------+--------+-----+--------+
         Total |   1797 |   1767 |     30 |      0 |   1377 |   3 |  599.0 |
       Dungeon |   1797 |   1767 |     30 |      0 |   1377 |   3 |  599.0 |
               +--------+--------+--------+--------+--------+-----+--------+

Top non-repeatable levels by time:
     D:1: 869 daAuts
     D:2: 544 daAuts
     D:3: 383 daAuts
